 Dungeon Crawl Stone Soup version 0.31-a0-198-g2ad674f65e (webtiles) character file.

Game seed: 1620983958853322057

116153 erloom the Warrior (level 16, -11/116 HPs)
             Began as a Gargoyle Gladiator on June 25, 2023.
             Was a High Priest of Okawaru.
             Killed by an exploding merfolk avatar (46 damage)
             ... ignited by their inner flame
             ... on level 1 of the Shoals.
             The game lasted 01:18:11 (33749 turns).

erloom the Warrior (Gargoyle Gladiator)            Turns: 33749, Time: 01:18:11

Health: -11/116    AC: 37    Str: 28    XL:     16   Next: 70%
Magic:  0/25       EV: 21    Int: 17    God:    Okawaru [*****.]
Gold:   1640       SH:  7    Dex: 11    Spells: 25/25 levels left

rFire   . . .        K - +7 flail (heavy)
rCold   . . .        i - +1 buckler {AC+3}
rNeg    + . .        C - +4 ring mail {Will+}
rPois   ∞            c - +0 helmet
rElec   +            S - scarf of the Sun {repulsion, Str+4}
rCorr   .            R - +2 pair of gloves
SInv    .            y - +2 pair of boots
Will    ++...        r - amulet of guardian spirit
Stlth   ++           G - +5 ring of evasion
HPRegen 0.39/turn    L - +6 ring of strength
MPRegen 0.19/turn

%: repel missiles, guardian spirit
@: heroic, finesse-ful, marked, flying, studying Unarmed Combat
A: sickness immunity, AC +12, big wings, negative energy resistance 1,
electricity resistance, torment resistance 1, petrification resistance
a: Renounce Religion, Heroism, Finesse, Duel


You were on level 1 of the Shoals.
You worshipped Okawaru.
Okawaru was extremely pleased with you.
You visited 5 branches of the dungeon, and saw 24 of its levels.
You visited the Abyss 1 time.
You also visited: Sewer and Bailey.

You collected 2240 gold pieces.
You spent 600 gold pieces at shops.

Inventory:

Hand Weapons
 j - a +0 whip of freezing
 K - a +7 heavy flail (weapon)
 Y - a +1 morningstar of venom
Missiles
 d - 5 throwing nets (quivered)
 e - 4 javelins
Armour
 c - a +0 helmet (worn)
 i - a +1 buckler of protection (worn)
 q - the +8 chain mail "Lizxoisch" {rC- Will+ Str+5}
   (Okawaru gifted it to you on level 15 of the Dungeon)

   Str:       It affects your strength (+5).
   rC:        It makes you vulnerable to cold.
   Will:      It increases your willpower.
 y - a +2 pair of boots (worn)
 C - a +4 ring mail of willpower (worn)
 M - a +1 plate armour of cold resistance
 R - a +2 pair of gloves (worn)
 S - the scarf of the Sun (worn) {repulsion, Str+4}
   (Okawaru gifted it to you on level 4 of the Lair of Beasts)

   Str:       It affects your strength (+4).
Magical Staves
 X - a staff of earth
Jewellery
 g - a ring of resist corrosion
 p - a ring of magical power
 r - an amulet of guardian spirit (around neck)
 G - a +5 ring of evasion (left hand)
 J - a ring of fire
 L - a +6 ring of strength (right hand)
 T - a ring of fire
 W - an amulet of regeneration
Wands
 n - a wand of flame (6)
 F - a wand of digging (5)
 O - a wand of acid (4)
 Q - a wand of polymorph (6)
Scrolls
 l - 12 scrolls of teleportation
 m - 4 scrolls of poison
 s - 3 scrolls of noise
 t - a scroll of enchant armour
 u - 4 scrolls of fog
 x - 3 scrolls of fear
 H - 2 scrolls of immolation
 P - 5 scrolls of revelation
Potions
 a - 2 potions of cancellation {unknown}
 b - a potion of brilliance {unknown}
 f - 6 potions of heal wounds
 h - a potion of invisibility {unknown}
 k - 10 potions of curing
 v - 2 potions of magic
 z - 5 potions of might
 A - 3 potions of haste
 B - 4 potions of enlightenment {unknown}
 D - 3 potions of lignification
 E - 6 potions of attraction
 I - 3 potions of ambrosia {unknown}
 N - a potion of degeneration {unknown}
 U - a potion of mutation {unknown}
 V - a potion of berserk rage
Miscellaneous
 o - a phial of floods
 w - a lightning rod (4/4)


   Skills:
 + Level 19.0(24.0) Fighting
 - Level 12.2(17.2) Maces & Flails
 - Level 1.7(6.7) Throwing
 - Level 12.0(17.0) Armour
 - Level 10.0(15.0) Dodging
 - Level 5.0(10.0) Shields
 - Level 5.0 Spellcasting
 + Level 4.6 Earth Magic
 - Level 12.0 Invocations
 + Level 4.1 Evocations


You had 25 spell levels left.
You didn't know any spells.
Your spell library contained the following spells:

 Spells                   Type           Power      Damage    Failure   Level
 Passwall                 Tmut/Erth      10%        N/A       12%         2
 Beastly Appendage        Tmut           8%         N/A       21%         1
 Slow                     Hex            16%        N/A       21%         1
 Sting                    Tmut/Pois      16%        1d3       21%         1
 Ensorcelled Hibernation  Hex/Ice        8%         N/A       30%         2
 Lesser Beckoning         Tloc           8%         N/A       30%         2
 Poisonous Vapours        Pois/Air       8%         N/A       30%         2
 Wereblood                Tmut           4%         N/A       30%         2
 Confusing Touch          Hex            4%         N/A       52%         3
 Gell's Gravitas          Tloc           4%         N/A       52%         3
 Ignite Poison            Fire/Tmut/Pois 4%         N/A       52%         3
 Spider Form              Tmut/Pois      4%         N/A       52%         3
 Swiftness                Air            4%         N/A       52%         3
 Teleport Other           Tloc           4%         N/A       52%         3
 Vampiric Draining        Necr           4%         2d6       52%         3
 Petrify                  Tmut/Erth      12%        N/A       63%         4
 Anguish                  Hex/Necr       2%         N/A       90%         4
 Cause Fear               Hex            2%         N/A       90%         4
 Manifold Assault         Tloc           4%         N/A       90%         4
 Olgreb's Toxic Radiance  Pois           4%         N/A       90%         4
 Freezing Cloud           Conj/Ice/Air   2%         6-21      99%         5
 Metabolic Englaciation   Hex/Ice        2%         N/A       99%         5
 Dispersal                Tloc           2%         N/A       100%        6
 Dragon Form              Tmut           2%         N/A       100%        7
 Enfeeble                 Hex            2%         N/A       100%        7
 Disjunction              Tloc           2%         N/A       100%        8
 Cigotuvi's Dreadful Rot  Necr/Pois/Air  Unusable   N/A       N/A         2
 Statue Form              Tmut/Erth      Unusable   N/A       N/A         6
 Dragon's Call            Summ           Unusable   N/A       N/A         9

Dungeon Overview and Level Annotations

Branches:
Dungeon (15/15)            Temple (1/1) D:4            Lair (5/5) D:9
 Shoals (1/4) Lair:2        Snake (0/4) Lair:2        Slime (0/5) Lair:5
    Orc (2/2) D:11            Elf (0/3) Orc:2        Vaults (0/5) D:14
 Depths (0/4) D:15          Sewer (visited)          Bailey (visited)

Altars:
Ashenzari
Cheibriados
Dithmenos
Elyvilon
Fedhas
Gozag
Hepliaklqana
Kikubaaqudgha
Makhleb
Nemelex Xobeh
Okawaru
Qazlal
Ru
Sif Muna
Trog
Uskayaw
Vehumet
Wu Jian
Xom
Yredelemnul
Zin
The Shining One

Shops:
D:4 !   D:7 [   D:9 ?   D:12 *   Orc:2 [*=[

Annotations:
D:8 exclusion: downstairs
D:9 exclusion: oklob sapling
D:11 exclusion: ice statue
D:12 Kirke
Lair:1 3 runed translucent doors, exclusion: 2 oklob plants, Xoff's ghost, journeyman OpEE; sastreii's ghost, journeyman DgHs
Lair:3 exclusion: oklob plant


Innate Abilities, Weirdness & Mutations

You are immune to sickness and miasma.
Your stone body is resilient. (AC +12)
You are immune to poison.
Your large and strong wings let you fly.
You resist negative energy. (rN+)
You are resistant to electric shocks. (rElec)
You are resistant to unholy torment.
You are immune to petrification.


Message History

Flame seeps out of the merfolk avatar.
The merfolk avatar is almost dead.
The fiery explosion engulfs you!!
* * * LOW HITPOINT WARNING * * *
The harpy explodes!
The fiery explosion engulfs you!
* * * LOW HITPOINT WARNING * * *
The merfolk impaler is engulfed in blazing flames.
Flame seeps out of the merfolk impaler.
A merfolk avatar comes into view.
The merfolk avatar is engulfed in blazing flames.
Flame seeps out of the merfolk avatar.
The merfolk avatar chants its luring song.
Your base Fighting skill increases to level 19!
Your Earth Magic skill increases to level 4!
Your Evocations skill increases to level 4!
Unknown command.
Unknown command.
Unknown command.
Unknown command.
Unknown command.
Unknown command.
Unknown command.
You feel much better.
You are engulfed in blazing flames.
The plant is engulfed in blazing flames. x2
You destroy the plant!
A centaur warrior comes into view.
The merfolk siren chants a haunting song.
You easily resist.
The merfolk impaler is engulfed in blazing flames.
Flame seeps out of the merfolk impaler.
The merfolk impaler hits you from afar with a +0 trident!
The merfolk avatar chants a haunting song.
You resist with almost no effort.
The merfolk avatar is engulfed in blazing flames.
You are no longer entranced.
Okawaru accepts your kill.
The merfolk avatar explodes!
The fiery explosion engulfs you!!!
You die...

~~~......≈≈.......~~.~
~~~~.m...≈≈.m..#..~≈..
.~~~m............~~~~~
.~~..###.#m..~~~.)~≈≈~
..~.m###....~~~..~~~≈~
#
....§§#§§m..~~..~~~~..
.P~ #m○§§†~..~~~~~..
.~~..##§§§§.~≈≈≈≈~~~.
~c~~.§§@§###.≈≈≈≈~~~~
~P~P§§§§§##....≈~~...
PP~§P§§§§○§.~~.≈~~...
~P~§~§§§§§..~~~~~....
~P~§§§~~....~..###.~
~~~~~~~~~~~~...# .
~~≈~~~~~~~~~....
~≈≈≈≈~~~~~~~~~~~~


You could see a merfolk avatar, a merfolk impaler (inner flame), 3 merfolk, a
centaur warrior and a merfolk siren.

Vanquished Creatures
  An ophan (Abyss:2)
  An entropy weaver (shapeshifter) (D:14)
  A green death (Abyss:3)
  Fannar (Lair:1)
  4 rakshasas
  3 centaur warriors
  4 boulder beetles
  2 merfolk avatars (Shoals:1)
  An ogre mage (D:14)
  4 two-headed ogres
  6 death yaks
  4 tengu warriors
  A hell hog (Abyss:2)
  6 orc high priests
  A deep elf knight (D:14)
  Sonja (Lair:1)
  6 skysharks
  A sixfirhy (Abyss:3)
  7 skeletal warriors (D:14)
  2 wretched stars (Abyss:3)
  14 slime creatures
  A wizard (D:14)
  A lindwurm (shapeshifter) (D:15)
  2 lindwurms (Lair:3)
  13 harpies (Shoals:1)
  2 deep elf zephyrmancers (D:14)
  5 deep elf pyromancers
  6 orc knights
  5 cyclopes
  An orc sorcerer (D:11)
  4 large abominations (Abyss:3)
  A salamander (shapeshifter) (D:15)
  16 ugly things
  14 elephants
  5 black mambas
  3 water nymphs
  2 torpor snails (Lair:5)
  An unseen horror (D:12)
  4 komodo dragons
  2 gargoyles
  An orange demon (Abyss:3)
  6 cane toads
  3 rime drakes
  An efreet (D:13)
  3 yaktaurs (D:14)
  A freezing wraith (Abyss:3)
  A tengu conjurer (D:15)
  2 wind drakes (Shoals:1)
  7 polar bears
  3 meliai (D:15)
  4 trolls
  13 blink frogs
  7 hornets
  2 snapping turtles (Shoals:1)
  11 dream sheep
  4 water elementals (D:13)
  A vampire (D:12)
  5 wyverns
  2 ynoxinuls (Abyss:3)
  16 spriggans (Lair:5)
  52 yaks
  A wraith (D:12)
  4 basilisks
  4 vampire mosquitoes (D:12)
  4 hogs (D:12)
  A neqoxec (Abyss:3)
  2 steam dragons
  3 wargs
  2 acid dragons (D:11)
  13 water moccasins
  2 small abominations (Abyss:3)
  39 orc warriors
  2 sky beasts (D:6)
  4 black bears
  8 ogres
  4 boggarts
  23 wolves
  16 centaurs
  5 phantoms
  14 bullfrogs
  9 kobold brigands
  2 gnoll sergeants (D:12)
  2 scorpions (D:7)
  4 wights (Abyss:3)
  2 troll zombies (D:11)
  3 killer bees (D:9)
  9 electric eels
  4 vampire bats (Orc:2)
  3 howler monkeys
  3 hounds
  35 orc priests
  3 jellies
  3 gnoll boudas
  Ijyb (D:2)
  2 iguanas
  19 orc wizards
  6 ogre zombies (D:11)
  Robin (D:1)
  26 gnolls
  7 adders
  A river rat (Sewer)
  3 shadow imps
  3 white imps
  3 ufetubi
  6 worms
  2 dart slugs
  95 orcs
  9 endoplasms
  5 giant cockroaches
  7 hobgoblins
  7 jackals
  13 quokkas
  13 ball pythons
  10 bats
  4 frilled lizards
  22 goblins
  A goblin skeleton (D:11)
  A goblin zombie (D:11)
  A hobgoblin zombie (D:11)
  30 kobolds
  5 orc skeletons (D:11)
  17 orc zombies (D:11)
  9 rats
866 creatures vanquished.

Vanquished Creatures (others)
  An electric eel (D:13)
  An orc (D:8)
2 creatures vanquished.

Grand Total: 868 creatures vanquished

Notes
Turn   | Place    | Note
-------+----------+-------------------------------------------
     0 | D:1      | erloom the Gargoyle Gladiator began the quest for the Orb.
     0 | D:1      | Reached XP level 1. HP: 12/12 MP: 1/1
   119 | D:1      | Reached XP level 2. HP: 15/17 MP: 2/2
   279 | D:1      | Found a faded altar of an unknown god.
   705 | D:2      | Noticed Robin
   716 | D:2      | Reached XP level 3. HP: 10/21 MP: 3/3
   805 | D:1      | Killed Robin
  1119 | D:2      | Reached XP level 4. HP: 17/26 MP: 4/4
  1462 | D:2      | Reached skill level 5 in Maces & Flails
  1891 | D:3      | Found a glowing drain.
  1929 | Sewer    | Entered a sewer
  1953 | Sewer    | Noticed a kobold brigand
  1979 | Sewer    | Killed a kobold brigand
  1980 | Sewer    | Reached XP level 5. HP: 27/30 MP: 3/5
  2316 | Sewer    | Noticed a kobold brigand
  2353 | Sewer    | Killed a kobold brigand
  2354 | Sewer    | Reached XP level 6. HP: 24/35 MP: 3/6
  2589 | Sewer    | Reached XP level 7. HP: 40/40 MP: 7/7
  3179 | D:3      | Reached skill level 1 in Armour
  3192 | D:3      | Noticed Ijyb
  3357 | D:2      | Killed Ijyb
  4161 | D:4      | Reached skill level 3 in Fighting
  4195 | D:4      | Found a sparkling altar of Nemelex Xobeh.
  4207 | D:4      | Found a staircase to the Ecumenical Temple.
  4214 | Temple   | Entered the Ecumenical Temple
  4285 | Temple   | Became a worshipper of Warmaster Okawaru
  4620 | D:4      | Found Joicusur's Distillery.
  4700 | D:5      | Entered Level 5 of the Dungeon
  4749 | D:5      | Reached skill level 1 in Invocations
  4749 | D:5      | Reached XP level 8. HP: 45/46 MP: 6/8
  5003 | D:5      | Reached skill level 1 in Evocations
  5627 | D:6      | Reached * piety under Okawaru
  5628 | D:6      | Reached skill level 4 in Fighting
  5803 | D:6      | Reached skill level 5 in Fighting
  5942 | D:6      | Reached ** piety under Okawaru
  5943 | D:6      | Reached XP level 9. HP: 45/54 MP: 9/11
  6028 | D:6      | Reached skill level 1 in Shields
  6208 | D:6      | Found a white marble altar of Elyvilon.
  6596 | D:7      | Found Lif Yluu's Armour Boutique.
  7473 | D:8      | Reached skill level 6 in Fighting
  7708 | D:8      | Reached skill level 5 in Invocations
  7794 | D:8      | Reached *** piety under Okawaru
  8349 | D:9      | Found a flagged portal.
  8379 | D:9      | Reached XP level 10. HP: 60/61 MP: 13/13
  8394 | D:9      | Found Elaifferch's Magic Scroll Emporium.
  8396 | Bailey   | Entered a bailey
  8714 | Bailey   | Noticed an orc knight
  8747 | Bailey   | Reached skill level 10 in Maces & Flails
  8821 | Bailey   | Reached skill level 7 in Fighting
  8985 | Bailey   | Killed an orc knight
  9203 | D:9      | Reached skill level 5 in Shields
  9346 | D:9      | Reached skill level 8 in Fighting
  9487 | D:4      | Bought a potion of experience for 550 gold pieces
  9490 | D:4      | Reached skill level 10 in Fighting
  9490 | D:4      | Reached XP level 11. HP: 72/72 MP: 14/14
  9583 | D:9      | Reached **** piety under Okawaru
  9720 | D:9      | Noticed a two-headed ogre
 10048 | D:9      | Found a sacrificial altar of Ru.
 10165 | D:9      | Found a staircase to the Lair.
 10235 | D:9      | Killed a two-headed ogre
 10641 | Lair:1   | Entered Level 1 of the Lair of Beasts
 10701 | Lair:1   | Found a blossoming altar of Fedhas.
 10704 | Lair:1   | Noticed an oklob plant
 10704 | Lair:1   | Noticed an oklob plant
 10925 | Lair:1   | Noticed Sonja
 11212 | Lair:1   | Reached skill level 11 in Fighting
 11212 | Lair:1   | Reached XP level 12. HP: 66/80 MP: 13/16
 11222 | Lair:1   | Noticed Fannar
 11315 | Lair:1   | Killed Fannar
 11680 | Lair:1   | Found a runed translucent gate.
 11680 | Lair:1   | Found a runed translucent gate.
 11737 | Lair:1   | Killed Sonja
 12038 | Lair:1   | Found a runed translucent gate.
 12041 | Lair:1   | Noticed sastreii's ghost (journeyman DgHs)
 12203 | Lair:1   | Noticed Xoff's ghost (journeyman OpEE)
 12588 | Lair:2   | Reached skill level 12 in Fighting
 12801 | Lair:2   | Found a staircase to the Snake Pit.
 12834 | Lair:2   | Reached ***** piety under Okawaru
 13168 | Lair:2   | Noticed a death yak
 13205 | Lair:2   | Noticed a death yak
 13205 | Lair:2   | Noticed a death yak
 13261 | Lair:1   | Killed a death yak
 13635 | Lair:3   | Noticed a skyshark
 13672 | Lair:3   | Noticed a skyshark
 13708 | Lair:3   | Killed a skyshark
 13844 | Lair:3   | Noticed a skyshark
 13867 | Lair:3   | Killed a skyshark
 13960 | Lair:3   | Noticed a skyshark
 13978 | Lair:3   | Killed a skyshark
 13979 | Lair:3   | Reached skill level 13 in Fighting
 13979 | Lair:3   | Reached XP level 13. HP: 82/88 MP: 16/19
 14111 | Lair:3   | Reached skill level 5 in Dodging
 14988 | Lair:4   | Reached ****** piety under Okawaru
 15216 | Lair:4   | Identified the scarf of the Sun {repulsion, Str+4} (Okawaru
                  | gifted it to you on level 4 of the Lair of Beasts)
 15216 | Lair:4   | Received a gift from Okawaru
 16415 | D:10     | Entered Level 10 of the Dungeon
 16608 | D:10     | Reached skill level 10 in Armour
 16608 | D:10     | Reached skill level 10 in Invocations
 17474 | D:11     | Found a staircase to the Orcish Mines.
 17821 | Orc:1    | Entered Level 1 of the Orcish Mines
 18064 | D:11     | Reached skill level 14 in Fighting
 18482 | Orc:2    | Entered Level 2 of the Orcish Mines
 18901 | Orc:2    | Found a staircase to the Elven Halls.
 19700 | Orc:2    | Gained mutation: Your large and strong wings let you fly.
                  | [Gargoyle growth]
 19700 | Orc:2    | Reached XP level 14. HP: 86/96 MP: 19/22
 20975 | Orc:2    | Identified the +0 scale mail "Elatayf" {rC+} (Okawaru
                  | gifted it to you on level 2 of the Orcish Mines)
 20975 | Orc:2    | Received a gift from Okawaru
 21630 | Orc:2    | Found Ynkiphagou's Antique Armour Emporium.
 21630 | Orc:2    | Found Kothel's Armour Emporium.
 21631 | Orc:2    | Found Tafruyfi's Jewellery Shoppe.
 21631 | Orc:2    | Found Nuegg's Assorted Antiques.
 21640 | Orc:2    | Bought a yellow potion for 25 gold pieces
 21640 | Orc:2    | Bought a red potion for 25 gold pieces
 23281 | Lair:3   | Reached skill level 15 in Fighting
 23466 | Lair:5   | Entered Level 5 of the Lair of Beasts
 24966 | Lair:5   | Reached skill level 16 in Fighting
 25348 | Lair:5   | Received a gift from Okawaru
 25618 | Lair:5   | Reached skill level 1 in Spellcasting
 25784 | Lair:5   | Identified the +0 robe of Hehidupn {rC+} (Okawaru gifted it
                  | to you on level 5 of the Lair of Beasts)
 25784 | Lair:5   | Received a gift from Okawaru
 25990 | Lair:5   | Reached XP level 15. HP: 105/105 MP: 22/24
 26047 | Lair:5   | Found a staircase to the Slime Pits.
 27381 | D:12     | Noticed Kirke
 27707 | D:12     | Found Zin's Purification Station.
 27719 | D:12     | Found a glowing silver altar of Zin.
 29371 | D:13     | Reached skill level 17 in Fighting
 29885 | D:14     | You are sucked into a shaft and drop 1 floor!
 29885 | D:15     | Entered Level 15 of the Dungeon
 30215 | D:15     | Received a gift from Okawaru
 30924 | D:14     | Reached skill level 5 in Spellcasting
 31405 | Abyss:2  | Found a corrupted altar of Lugonu.
 31405 | Abyss:2  | Cast into level 2 of the Abyss (a wizard)
 31407 | Abyss:2  | Found a corrupted altar of Lugonu.
 31457 | Abyss:2  | Reached XP level 16. HP: 106/112 MP: 23/25
 31856 | Abyss:3  | Reached skill level 10 in Dodging
 31880 | Abyss:3  | Reached skill level 18 in Fighting
 31997 | D:14     | Escaped the Abyss
 32520 | D:14     | Found a gate to the Vaults.
 32658 | D:15     | Identified the +8 chain mail "Lizxoisch" {rC- Will+ Str+5}
                  | (Okawaru gifted it to you on level 15 of the Dungeon)
 32658 | D:15     | Received a gift from Okawaru
 32662 | D:15     | Reached skill level 1 in Earth Magic
 33374 | D:15     | Found a staircase to the Depths.
 33606 | Shoals:1 | Entered Level 1 of the Shoals
 33749 | Shoals:1 | Reached skill level 19 in Fighting
 33749 | Shoals:1 | Killed by an exploding merfolk avatar... ignited by their
                  | inner flame

Illustrated notes

Levels and vault maps discovered:
D:1:      lemuel_arrival_river_bridge, layout_basic,
          dreamdust_ecumenical_altar_grove, nicolae_titane
D:2:      layout_loops_ring, minmay_close_crescents, uniq_robin
D:3:      layout_loops_ring, gup_sewer_entry_pipe, kennysheep_generic_room_15,
          uniq_ijyb
D:4:      layout_loops_cross, nemelex_xobeh_ov_fountains_minmay, temple_statues,
          serial_shops, nicolae_shop_getting_attention
D:5:      layout_rooms
D:6:      layout_basic, mainiacjoe_overflow_alcove_1, hangedman_decor_slide_cut,
          serial_bayou_lagoon_a, serial_bayou_pond_e
D:7:      layout_rooms, serial_shops, shop
D:8:      layout_basic, david_defended_altar_orc
D:9:      layout_loops_ring, overflow_temple_1_default, enter_bailey_5,
          serial_shops, nicolae_shop_tiny_glass, introduction_to_nature_2
D:10:     layout_loops_ring, serial_rivers, chequers_serial_rivers_micro_e,
          chequers_serial_rivers_micro_d, chequers_serial_rivers_room_a,
          chequers_serial_rivers_large_b
D:11:     layout_basic, zombieorc2_lemuel, minivault_16
D:12:     layout_loops_ring, hellmonk_bongcloud_opening, zin_purify, uniq_kirke
D:13:     layout_cave_pools, serial_bayou, serial_bayou_lagoon_b,
          serial_bayou_ford_a, serial_bayou_lake_a, serial_bayou_crossing
D:14:     layout_rooms, hangedman_vaults_entry_quadrant_bands,
          dk_noncrumbling_4, grunt_decor_mini_mirrors
D:15:     gammafunk_enter_depths_forms, layout_irregular_city, minivault_19
Temple:   nicolae_temple_bog_church
Lair:1:   layout_regular_city, enter_volcano_1, gammafunk_ghost_cemetery,
          hangedman_tree_tricks, serial_bayou_shore_a, uniq_fannar, uniq_sonja
Lair:2:   layout_big_grid, nicolae_shoals_entry_flooding,
          minmay_snake_entry_six_corridors
Lair:3:   layout_regular_city, minmay_lair_oklob_bushes, nicolae_lair_lindhole
Lair:4:   layout_cave_pods
Lair:5:   minmay_lair_end_enchanted_forest, layout_long_grid,
          dpeg_slime_entry_enclosed, serial_bayou_pond_a, nzn_sisyphean_effort,
          grunt_megastairs_2
Shoals:1: layout_shoals, serial_shops, nicolae_shop_drivethru
Orc:1:    layout_caves, kennysheep_orc_chapel
Orc:2:    st_orc_pillars, layout_diamond_mine, roderic_batcave

Skill      XL: |  1  2  3  4  5  6  7  8  9 10 11 12 13 14 15 16 |
---------------+-------------------------------------------------+-----
Maces & Flails | 4 6 7 8 9 12 | 12.2
Armour         | 2 4 7 8 10 12 | 12.0
Fighting       | 3 5 6 10 11 13 14 16 17 19 | 19.0
Dodging        | 3 4 6 8 9 10 | 10.0
Invocations    | 1 3 5 8 10 12 | 12.0
Evocations     | 2 4 |  4.1
Shields        | 3 5 |  5.0
Spellcasting   | 1 5 |  5.0
Earth Magic    | 4 |  4.6
Throwing       | |  1.7

Action                     |  1- 3 |  4- 6 |  7- 9 | 10-12 | 13-15 | 16-18 || total
---------------------------+-------+-------+-------+-------+-------+-------++-------
  Melee: Flail             |    28 |       |       |       |    58 |   265 ||   351
         Whip              |    94 |   327 |   891 |  1032 |  3487 |       ||  5831
         Punch             |       |     3 |     9 |       |       |       ||    12
         Morningstar       |       |       |       |       |   556 |       ||   556
         Unarmed           |       |       |       |       |    17 |       ||    17
 Invoke: Heroism           |       |       |     1 |    14 |    16 |     1 ||    32
         Finesse           |       |       |       |     3 |     1 |     1 ||     5
  Evoke: Wand              |       |     7 |     3 |    20 |     3 |       ||    33
    Use: Scroll            |       |       |     7 |     4 |    12 |     4 ||    27
         Potion            |       |       |       |     1 |       |     1 ||     2
 Armour: Leather armour    |     9 |       |       |       |       |       ||     9
         Ring mail         |    40 |    93 |   338 |   134 |    79 |   189 ||   873
         Plate armour      |       |       |       |   159 |  1493 |       ||  1652
  Dodge: Dodged            |    64 |   130 |   350 |   321 |  1439 |   309 ||  2613
         Repelled          |       |       |       |       |     9 |     5 ||    14
  Block: Buckler           |       |       |    58 |   176 |   751 |   105 ||  1090

Table legend: (Time is in decaauts)
 A = Elapsed time spent in this place.
 B = Non-inter-level travel time spent in this place.
 C = Inter-level travel time spent in this place.
 D = Time resting spent in this place.
 E = Time spent auto-exploring this place.
 F = Levels seen in this place.
 G = Mean time per level.
                   A        B        C        D        E       F      G
               +--------+--------+--------+--------+--------+-----+--------+
         Total |  31482 |  29919 |   1563 |   5906 |  14031 |  28 | 1124.4 |
       Dungeon |  16853 |  16062 |    791 |   3330 |   8045 |  15 | 1123.5 |
        Temple |     87 |     71 |     16 |      0 |     43 |   1 |   87.0 |
          Lair |   8937 |   8227 |    710 |   1221 |   4154 |   5 | 1787.4 |
        Shoals |    147 |    147 |      0 |      0 |     65 |   1 |  147.0 |
  Orcish Mines |   3066 |   3022 |     44 |    858 |    790 |   2 | 1533.0 |
         Abyss |    610 |    610 |      0 |    298 |      0 |   2 |  305.0 |
         Sewer |   1123 |   1123 |      0 |      9 |    715 |   1 | 1123.0 |
        Bailey |    655 |    655 |      0 |    189 |    218 |   1 |  655.0 |
               +--------+--------+--------+--------+--------+-----+--------+

Top non-repeatable levels by time:
   Orc:2: 2277 daAuts
  Lair:5: 2209 daAuts
  Lair:4: 2173 daAuts
  Lair:3: 2060 daAuts
    D:11: 1981 daAuts
    D:15: 1640 daAuts
  Lair:1: 1522 daAuts
     D:9: 1437 daAuts
    D:14: 1329 daAuts
     D:8: 1239 daAuts
    D:13: 1148 daAuts
    D:12: 1148 daAuts
   Sewer: 1123 daAuts
     D:6: 1059 daAuts
     D:2: 997 daAuts
